[Event "44th Chess Olympiad Women 2022"]
[Site "Chennai"]
[Date "2022.07.29"]
[Round "1.36"]
[White "Meddeb, Chadha"]
[Black "Librelato, Kathie Goulart"]
[Result "0-1"]
[ECO "C45"]
[WhiteElo "1561"]
[BlackElo "2255"]
[Annotator "TA"]
[PlyCount "68"]
[EventDate "2022.07.29"]
[EventType "team-tourn"]
[EventCountry "IND"]
[SourceTitle "playchess.com"]
[Source "ChessBase"]
[SourceQuality "1"]
[WhiteTeam "Tunisia"]
[BlackTeam "Brazil"]
[WhiteTeamCountry "TUN"]
[BlackTeamCountry "BRA"]
[TimeControl "40/5400+30:1800+30"]

1. e4 e5 2. Nf3 Nc6 3. d4 exd4 4. Nxd4 Nf6 5. Nxc6 bxc6 6. Bd3 d5 7. e5 Ng4 8. Bf4 Bc5 9. O-O g5 {[%emt 0:01:56] C45: Scotch Game.} 10. Bg3 h5 $1 {[%emt 0:01:21][%cal Bh7h5,Bh5h4][%mdl 32] [#] White must now prevent ...h4.} 11. h3 ({Better is} 11. Be2 $1 $15) 11... h4 $17 {[%emt 0:01:29] Black is clearly better.} 12. Bh2 Nxh2 {[%emt 0:11:09] Black is more active.} 13. Kxh2 Bd4 (13... Qe7 $142 14. Kh1 Rb8) 14. c3 ({White should play} 14. f4) 14... Bxe5+ 15. Kg1 Qf6 $36 {[%emt 0:06:01][%mdl 2048] White is under strong pressure.} 16. Nd2 g4 {[%emt 0:29:56] [#] Against Nf3} ({Stronger than} 16... Qf4 17. Nf3 Bd6 18. Re1+ Be6 19. Qc1 $17) (16... Rb8 $142 17. Re1 Kf8) 17. f4 $146 ({Predecessor:} 17. hxg4 Qf4 18. Nf3 Bxg4 19. Qd2 Qxd2 20. Nxd2 Bf4 21. Rfe1+ Kd7 22. Be2 Bf5 23. Nb3 {1-0 (72) Szobi,T (2162)-Papp,Z (2133) Hungary 2002}) 17... Bxf4 {[%emt 0:05:23] ...Qg5 is the strong threat.} 18. Qe1+ {[%emt 0:00:16] This costs White the game.} (18. Qe2+ $17 Be6 19. Ne4 (19. Qf2 $2 Bh2+ 20. Kh1 Qxf2 $19)) 18... Be6 19. Qf2 $2 {[%emt 0:00:12] [#]} (19. hxg4 Qg5 20. Nf3 Qxg4 21. Ne5 Bxe5 22. Qxe5) 19... Bh2+ $1 $19 20. Kh1 Qxf2 21. Rxf2 Bg3 22. Re2 gxh3 23. gxh3 O-O-O 24. Rf1 Rde8 25. Nb3 Bxh3 26. Rxe8+ Rxe8 27. Bf5+ Bxf5 28. Rxf5 {[%emt 0:00:02][%mdl 4096] Endgame KRB-KRN} h3 {[%emt 0:07:41] ( -> ...Re1+)} 29. Rf1 f5 30. Nd4 f4 31. Nxc6 f3 {[%emt 0:02:14] Black mates.} 32. Nd4 f2 33. Nf5 Bf4 34. a4 Re1 {[%emt 0:00:18] Weighted Error Value: White=0.73/Black=0.06 (flawless)} 0-1

[Event "44th Chess Olympiad Women 2022"]
[Site "Chennai"]
[Date "2022.07.29"]
[Round "1.36"]
[White "Haouas, Zeineb"]
[Black "Gazola, Vanessa Ramos"]
[Result "0-1"]
[ECO "D94"]
[WhiteElo "1337"]
[BlackElo "2000"]
[Annotator "TA"]
[PlyCount "67"]
[EventDate "2022.07.29"]
[EventType "team-tourn"]
[EventCountry "IND"]
[SourceTitle "playchess.com"]
[Source "ChessBase"]
[SourceQuality "1"]
[WhiteTeam "Tunisia"]
[BlackTeam "Brazil"]
[WhiteTeamCountry "TUN"]
[BlackTeamCountry "BRA"]
[TimeControl "40/5400+30:1800+30"]

1. d4 Nf6 2. c4 g6 3. Nc3 d5 4. e3 Bg7 5. Bd3 O-O 6. Nf3 c5 7. O-O cxd4 8. exd4 Nc6 {[%emt 0:03:50] D94: Grünfeld: 4 Nf3 Bg7 5 e3.} 9. a3 Bg4 10. Be3 Rc8 {[%emt 0:19:11] Black is slightly better.} 11. cxd5 Nxd5 12. Be4 {[%emt 0:01:07] [#]} (12. h3 $15 Bxf3 13. Qxf3) 12... Nxe3 $146 ({Predecessor:} 12... Nxc3 13. bxc3 Na5 14. h3 Bxf3 15. Qxf3 b6 16. Bf4 Qd7 17. Ra2 Qa4 18. Rc1 Rfd8 {1-0 (30) Morgner,S (1728)-Beckel,F (2127) Dresden 2003}) 13. fxe3 Na5 (13... e5 $1 $17 14. dxe5 Nxe5 15. Qxd8 Rfxd8 16. Nxe5 Bxe5) 14. Bd3 {[%emt 0:15:17] [#]} (14. Qe1 $15) 14... Be6 (14... e5 $1 $17 15. dxe5 Bxe5) 15. Nd2 $2 {[%emt 0:03:29] [#] This move loses the game for White.} (15. Rc1 $11) 15... Bxd4 $1 $19 16. exd4 Qxd4+ 17. Kh1 {[%emt 0:00:12] aiming for Nf3.} Qxd3 18. Rf3 Qd4 {[%emt 0:05:25] ...Bg4 is the strong threat.} 19. Qe1 Nc4 20. Nxc4 Qxc4 21. Qf2 Qc5 22. Qf1 Rcd8 23. Qe1 h6 24. Rg3 Kh7 25. Rc1 Qd4 26. Rd1 Qb6 27. b4 Rxd1 28. Qxd1 Rd8 29. Qe1 Qd4 30. Rf3 a6 31. Rf2 $2 {[%emt 0:00:36] [#]} (31. Re3) 31... Rc8 $2 (31... Qxc3 $3 32. Rf1 Qxa3) 32. Ne4 $2 {[%emt 0:00:50] [#]} (32. Rf3) 32... Qxe4 $3 33. Qd2 (33. Rf1 Qd3) 33... Qb1+ 34. Qd1 {[%emt 0:00:29] Weighted Error Value: White=1.18/Black=0.37} 0-1

[Event "44th Chess Olympiad Women 2022"]
[Site "Chennai"]
[Date "2022.07.29"]
[Round "1.37"]
[White "Polterauer, Chiara"]
[Black "James, Shemilah"]
[Result "1/2-1/2"]
[ECO "C54"]
[WhiteElo "2183"]
[BlackElo "1590"]
[Annotator "TA"]
[PlyCount "131"]
[EventDate "2022.07.29"]
[EventType "team-tourn"]
[EventCountry "IND"]
[SourceTitle "playchess.com"]
[Source "ChessBase"]
[SourceQuality "1"]
[WhiteTeam "Austria"]
[BlackTeam "TTO"]
[WhiteTeamCountry "AUT"]
[TimeControl "40/5400+30:1800+30"]

1. e4 e5 2. Nf3 Nc6 3. Bc4 Bc5 4. c3 Nf6 5. d3 O-O 6. Nbd2 d6 7. h3 a6 8. Bb3 Ba7 9. Nf1 h6 {[%emt 0:01:17] C54: Giuoco Piano: 4 c3 Nf6, main lines with 5 d4 and 5 d3.} 10. g4 d5 11. Qe2 dxe4 12. dxe4 Re8 13. Ng3 (13. g5 $14) 13... Be6 (13... Na5 $11) 14. g5 $1 $16 hxg5 15. Bxg5 {[%emt 0:00:24] And now Rd1 would win.} Bxb3 16. axb3 Qd6 17. Rg1 {[%emt 0:09:18] [#]} Kf8 $146 (17... g6 $16) ({Predecessor:} 17... g6 18. Nh4 Nh7 19. Be3 Qf6 20. Nhf5 Bxe3 21. Nxe3 Ne7 22. O-O-O Rad8 23. Ngf5 Ng5 {½-½ (42) Paehtz,E (2471)-Steil Antoni,F (2166) Kallithea 2008}) 18. Nf5 $18 Qc5 19. Be3 Qb5 20. Bxa7 Qxe2+ 21. Kxe2 Rxa7 22. Nxg7 (22. Rxg7 Rd8 23. Ng5) 22... Rd8 23. Ke3 Raa8 24. Rg2 {[%emt 0:07:28] Active counter play!} Rd7 25. Rag1 Rad8 26. Nf5 $1 Rd1 27. Rxd1 {[%emt 0:03:50] Chess con chili.} Rxd1 28. Rg1 Rd7 (28... Rxg1 $16 29. Nxg1 Nd7) 29. Rg5 (29. h4 $18) 29... Rd1 $16 30. Rg1 (30. Ng3 $16) 30... Rd7 $1 $18 31. Ng3 (31. h4 $18) 31... Rd6 (31... Ne8 $16 32. h4 f6) 32. Nd2 Nd7 33. h4 Rg6 34. Rh1 Nf6 35. Ke2 Ne7 36. Nc4 Nd7 (36... Nc6 {is a better defense.} 37. Ne3 Ne7) 37. Ne3 Nc5 38. h5 Rh6 39. Nef5 (39. b4 $18 Nd7 40. Rd1) 39... Rh7 (39... Nxf5 $16 {was necessary.} 40. Nxf5 Rh7) 40. Nxe7 ({White should play} 40. Rd1 $18 Nxf5 41. exf5 (41. Nxf5 f6 $14)) 40... Kxe7 {[%emt 0:00:13][%mdl 4096] Endgame KRN-KRN} 41. h6 ({White should try} 41. b4 $16 Ne6 42. h6) 41... Nxb3 $14 42. Nf5+ Kf6 43. Ke3 Nc5 44. Rd1 a5 (44... Rh8 $11) 45. f4 (45. Rd8 $16) 45... exf4+ $11 46. Kxf4 {[%emt 0:00:04] aiming for e5+.} Ne6+ 47. Ke3 b6 48. Rg1 Ng5 49. Rd1 Ne6 {[%emt 0:01:29] Prevents Rd8.} 50. Rf1 Ke5 ({Better is} 50... Rh8 $11) 51. Rh1 (51. Nd4 $14) 51... Kf6 52. Rh5 Ng5 {[%emt 0:01:33] [#]} (52... Kg6 $11 {remains equal.} 53. Rh1 f6) 53. Kf4 (53. Nh4 $142 $1) 53... Ne6+ $16 {[%emt 0:01:02] [#]} 54. Kg4 $1 Nc5 55. Kf3 (55. Ne3 $14) 55... Ne6 56. b4 axb4 {[%emt 0:00:50] The position is equal.} 57. cxb4 c5 58. bxc5 bxc5 59. Kg4 Nd4 60. Ne3 Kg6 61. Rxc5 Rxh6 62. Rd5 Ne6 63. Rd6 Rh1 64. Ra6 Kf6 65. Kf3 Rh3+ 66. Kf2 {[%emt 0:00:54] Blacks defense is rewarded with a draw.  Weighted Error Value: White=0.32/Black=0.32} 1/2-1/2

[Event "44th Chess Olympiad Women 2022"]
[Site "Chennai"]
[Date "2022.07.29"]
[Round "1.37"]
[White "Hapala, Elisabeth"]
[Black "Mohammed, Celine Angelina"]
[Result "1-0"]
[ECO "C89"]
[WhiteElo "2113"]
[BlackElo "1100"]
[Annotator "TA"]
[PlyCount "89"]
[EventDate "2022.07.29"]
[EventType "team-tourn"]
[EventCountry "IND"]
[SourceTitle "playchess.com"]
[Source "ChessBase"]
[SourceQuality "1"]
[WhiteTeam "Austria"]
[BlackTeam "TTO"]
[WhiteTeamCountry "AUT"]
[TimeControl "40/5400+30:1800+30"]

1. e4 e5 2. Nf3 Nc6 3. Bb5 a6 4. Ba4 Nf6 5. O-O b5 6. Bb3 Be7 7. Re1 O-O 8. c3 d5 9. exd5 Nxd5 10. Nxe5 Nxe5 11. Rxe5 Bb7 12. d4 {[%emt 0:06:38] [#]} f6 $146 {[%emt 0:05:36] C89: Closed Ruy Lopez: Marshall Attack.} (12... Bf6 $14) ({Predecessor:} 12... Bf6 13. Re1 Re8 14. Na3 Qd7 15. Nc2 Rxe1+ 16. Nxe1 Re8 17. Bd2 c5 18. dxc5 Qc6 19. Nf3 Qxc5 20. Qf1 {½-½ (76) Kamsky,G (2655)-Salem,A (2684) Chess.com INT 2022}) 13. Re1 (13. Rh5 {feels hotter.} g6 14. Rh3 Re8 15. Bh6) 13... Kh8 14. Nd2 Bd6 (14... c5 $142) 15. Ne4 $16 Re8 16. Nxd6 Rxe1+ 17. Qxe1 {[%emt 0:00:02] [#] Nf7+ is the strong threat.} Qxd6 18. Bd2 Qc6 19. f3 Re8 20. Qf2 Qd6 21. Re1 Rxe1+ 22. Qxe1 {[%emt 0:00:06] [#] White threatens Qe8+ and mate.} Qe7 {[%emt 0:01:39] Against Qe8+} 23. Qxe7 Nxe7 $18 {[%emt 0:00:12][%mdl 4096] Endgame KBB-KBN} 24. Bf4 c6 25. a4 {[%emt 0:04:47] White is more active.} g5 26. Bd2 Kg7 27. Kf2 Nf5 28. Bc2 Nd6 29. axb5 axb5 30. Ke2 Nc4 (30... Bc8 $16 31. g4 Be6) 31. Bc1 h6 32. b3 Nd6 33. Ba3 Nc8 34. Bc5 {[%emt 0:00:17] Prevents Nb6.} Kf7 35. c4 {[%emt 0:01:02] And now cxb5 would win.} bxc4 36. bxc4 Ne7 37. Kd2 Ke6 38. g4 {[%emt 0:01:41] Against Nf5} Kf7 39. Kc3 Ng8 40. Kb4 Ne7 41. Ka5 (41. Bxe7 $142 {[%cal Ob4c5] Black must now prevent Kc5!} Kxe7 42. Kc5) 41... Bc8 (41... Nc8 $142 42. Be4 Ke8 43. Bg6+ Kd7) 42. Kb6 {[%emt 0:00:00] aiming for Bxe7.} Ke8 43. Bxe7 Kxe7 44. Kxc6 Bd7+ 45. Kc7 {[%emt 0:00:00] White took control after the opening.  Weighted Error Value: White=0.27 (precise) /Black=0.46} 1-0

[Event "44th Chess Olympiad Women 2022"]
[Site "Chennai"]
[Date "2022.07.29"]
[Round "1.37"]
[White "La Fleur, Zara"]
[Black "Newrkla, Katharina"]
[Result "0-1"]
[ECO "B92"]
[WhiteElo "1513"]
[BlackElo "2265"]
[Annotator "TA"]
[PlyCount "148"]
[EventDate "2022.07.29"]
[EventType "team-tourn"]
[EventCountry "IND"]
[SourceTitle "playchess.com"]
[Source "ChessBase"]
[SourceQuality "1"]
[WhiteTeam "TTO"]
[BlackTeam "Austria"]
[BlackTeamCountry "AUT"]
[TimeControl "40/5400+30:1800+30"]

1. e4 c5 2. Nf3 d6 3. d4 cxd4 4. Nxd4 Nf6 5. Nc3 a6 6. Be2 e5 7. Nb3 Be7 8. Be3 Be6 9. O-O O-O 10. f3 Nbd7 11. a4 Rc8 12. a5 Qc7 13. Qd2 Rfd8 14. Rfc1 {[%emt 0:15:49] B92: Sicilian Najdorf: 6 Be2.} Nc5 (14... Qc6 $142) 15. Nxc5 $11 dxc5 16. Qe1 {[%emt 0:00:44] The position is equal.} c4 17. Kh1 {[%emt 0:11:56] [#]} Bc5 $146 {[%emt 0:11:54] Prevents Bb6.} ({Predecessor:} 17... Qc6 18. Bb6 Rd7 19. Na4 Re8 20. b4 Rd6 21. Bc5 Rdd8 22. Bxe7 Rxe7 23. Nc5 h6 {½-½ (88) Richter,M (2003)-Zill,E (2184) GER email 2008}) 18. Bf1 h6 19. Na4 (19. Bxc5 $11 Qxc5 20. Na4) 19... Bxe3 $17 {[%emt 0:03:36] Black is much more active.} 20. Qxe3 Qxa5 21. Nb6 Qc5 22. Qxc5 Rxc5 23. Rd1 Rxd1 24. Rxd1 g5 25. h3 (25. Rd8+ $17 Kg7 26. Kg1) 25... h5 26. g4 Kg7 ({Weaker is} 26... hxg4 27. Rd8+ Kg7 28. hxg4 $17) 27. Kg2 h4 28. Kf2 Rc6 29. Nd5 Bxd5 30. exd5 $19 {[%emt 0:00:07][%mdl 4096] Endgame KRB-KRN} Rc8 31. d6 b5 32. Ke3 Kf8 33. d7 Rd8 34. Rd6 Ke7 (34... Nxd7 35. Rxa6 Rc8 36. Kd2 $17) 35. Rxa6 Rxd7 36. Ra5 {[%emt 0:00:39] [#]} Rb7 ({Black should try} 36... Nd5+ $1 $19 37. Ke2 (37. Ke4 $2 Nf4 $19) 37... Rb7) 37. c3 ({Better is} 37. b3 $1 $15) 37... Rb6 38. Ra7+ Ke6 39. Ra5 Nd5+ 40. Ke4 Nf6+ 41. Ke3 Ne8 42. b3 cxb3 43. Rxb5 $2 (43. Ra3 $17) 43... Rxb5 44. Bxb5 {[%emt 0:00:00] KB-KN} Nd6 45. Bd3 Kd5 {[%emt 0:00:00] [#] ( -> ...Nc4+)} 46. Ke2 Nc4 {[%emt 0:00:00] Black mates.} 47. Be4+ Kc5 48. Kd1 Na3 49. Kc1 Kc4 ({Not} 49... Nc4 50. Bd3 $17) 50. Kb2 Nb5 51. Bb7 Nxc3 52. Ba6+ Kb4 53. Kc1 Ka3 54. Bd3 b2+ 55. Kd2 Kb4 56. Ke3 Kc5 57. Bc2 Kd5 58. Bb3+ Kd6 59. Bc2 b1=Q 60. Bxb1 Nxb1 {[%emt 0:00:00] KN-K3P} 61. Ke4 Ke6 62. Ke3 Nc3 63. Kf2 Nd5 64. Kg2 Nf4+ 65. Kh2 Kd5 66. Kh1 Kd4 67. Kh2 Ke3 68. Kh1 Kxf3 {[%emt 0:00:00] KN-KPP} 69. Kg1 e4 70. Kh2 Kf2 71. Kh1 e3 72. Kh2 e2 73. Kh1 e1=Q+ 74. Kh2 Qg1# {[%emt 0:00:00] Weighted Error Value: White=0.39/Black=0.17 (very precise)} 0-1

[Event "44th Chess Olympiad Women 2022"]
[Site "Chennai"]
[Date "2022.07.29"]
[Round "1.37"]
[White "Ali, Amy"]
[Black "Trippold, Denise"]
[Result "0-1"]
[ECO "E06"]
[WhiteElo "1361"]
[BlackElo "2151"]
[Annotator "TA"]
[PlyCount "72"]
[EventDate "2022.07.29"]
[EventType "team-tourn"]
[EventCountry "IND"]
[SourceTitle "playchess.com"]
[Source "ChessBase"]
[SourceQuality "1"]
[WhiteTeam "TTO"]
[BlackTeam "Austria"]
[BlackTeamCountry "AUT"]
[TimeControl "40/5400+30:1800+30"]

1. d4 Nf6 2. c4 e6 3. g3 d5 4. Bg2 Be7 5. Nf3 O-O 6. O-O c6 7. Nc3 b6 8. Qc2 {[%emt 0:02:07] E06: Closed Catalan: Early deviations.} Ba6 $1 {[%emt 0:08:16][%mdl 4] outshines the older 8...Bb7.} 9. Ne5 Nfd7 {[%emt 0:09:33] [#]} 10. Bf4 $146 {[%emt 0:20:53] [#]} (10. cxd5 $11 cxd5 11. Nf3) ({Predecessor:} 10. cxd5 cxd5 11. Rd1 Nxe5 12. dxe5 Nd7 13. e4 d4 14. Rxd4 Qc7 15. Bf4 Rfd8 16. Rad1 {1-0 (55) Cori,J (2636)-Fernandez,F (2424) Sitges 2017}) 10... Nxe5 $1 $17 11. Bxe5 Bxc4 12. Rfe1 Nd7 13. Bf4 Ba6 (13... c5 $142 14. dxc5 Bxc5) 14. e4 Nf6 15. e5 Nd7 16. a3 c5 17. Rad1 Rc8 18. Qa4 (18. dxc5 $142 g5 19. Bc1) 18... Nb8 19. dxc5 bxc5 ({Not} 19... Bxc5 20. Ne4 $17) 20. Bf1 (20. Ne4 {was the only defense.}) 20... Bxf1 $19 21. Kxf1 Qb6 22. Qb5 Qxb5+ 23. Nxb5 Nc6 {[%emt 0:00:45] And now ...Rb8 would win.} 24. Nd6 Rb8 25. Bc1 {[%emt 0:02:39] [#]} Nxe5 $1 26. Rxe5 (26. Nf5 Bf6) 26... Bxd6 27. Re2 Rb3 28. Re3 Rfb8 29. Rdd3 Rxd3 {[%emt 0:00:50] Black is clearly winning.} 30. Rxd3 {[%emt 0:00:06][%mdl 4096] Endgame KRB-KRB} c4 31. Rc3 Be5 32. Rc2 Kf8 33. Ke2 Rb3 34. h3 Ke7 35. Kd2 Kd6 36. Ke2 Kc5 {[%emt 0:00:22] Weighted Error Value: White=0.33/Black=0.04 (flawless)} 0-1

[Event "44th Chess Olympiad Women 2022"]
[Site "Chennai"]
[Date "2022.07.29"]
[Round "1.38"]
[White "Zahedifar, Anahita"]
[Black "Saraci, Nita"]
[Result "1-0"]
[ECO "D20"]
[WhiteElo "2160"]
[BlackElo "1555"]
[Annotator "TA"]
[PlyCount "95"]
[EventDate "2022.07.29"]
[EventType "team-tourn"]
[EventCountry "IND"]
[SourceTitle "playchess.com"]
[Source "ChessBase"]
[SourceQuality "1"]
[WhiteTeam "Iran"]
[BlackTeam "Kosovo"]
[WhiteTeamCountry "IRI"]
[BlackTeamCountry "KOS"]
[TimeControl "40/5400+30:1800+30"]

1. d4 d5 2. c4 Nc6 3. cxd5 Qxd5 4. e3 Nf6 5. Nc3 Qd8 6. Nf3 e6 7. Bc4 Bb4 {[%emt 0:04:52] D20: Queen's Gambit Accepted: 3 e3 and 3 e4.} 8. O-O Bxc3 (8... O-O $14) 9. bxc3 $16 O-O {[%emt 0:04:25] White is better.} 10. Qc2 ({Better is} 10. Qe2) 10... Ne7 11. e4 Ng6 {[%emt 0:03:56] [#]} 12. Rd1 $146 ({Predecessor:} 12. Bd3 b6 13. e5 Nd5 14. Be4 Rb8 15. c4 Nde7 16. Rd1 Bb7 17. h4 Bxe4 18. Qxe4 Nf5 19. Bg5 {1-0 (32) Sykora,J (2344)-Ptacek,J (1761) ICCF email 2016}) 12... c6 (12... b6 $14) 13. a4 Qc7 14. Bg5 (14. Ba3 $142) 14... Nh5 ({Black should try} 14... e5) 15. e5 {[%emt 0:03:14] White is more active.} c5 16. Rac1 b6 {[%emt 0:00:39] [#]} (16... Nhf4 $16 {is a better defense.}) 17. Qe4 $1 $18 Bb7 $2 (17... Qb7 18. d5 (18. Qg4 Nhf4 $16) 18... f6) 18. Qg4 Bxf3 19. gxf3 ({Don't take} 19. Qxf3 h6 20. Bd2 (20. Qxh5 hxg5 21. Bd3 Rac8 $16) 20... Nxe5 21. dxe5 Qxe5 $18) 19... h6 20. Be3 ({Weaker is} 20. Qxh5 hxg5 21. Qxg5 Qd8 $14) 20... cxd4 21. cxd4 Nxe5 22. dxe5 Qxe5 23. Bd4 Qg5 24. h4 Qxg4+ 25. fxg4 Nf4 26. Be5 Ng6 27. Bg3 Rac8 28. h5 Ne7 29. Bd6 Rfd8 30. f3 Kh8 31. Kf2 Ng8 32. Rd4 Nf6 33. Rcd1 $2 (33. Be5 $18) 33... Ne8 $2 {[%emt 0:03:23][%mdl 8192] Black cannot hold the game after this.} (33... Rxd6 $1 $14 34. Rxd6 Rxc4) 34. Bf4 Rxd4 35. Rxd4 {[%emt 0:00:01] [#] Ba6 is the strong threat.} Nf6 36. Be5 Ng8 $2 (36... Rc5 37. Bf4 Rc8) 37. Ba6 Rc2+ 38. Kg3 Rc5 39. Bd6 Rd5 40. Rxd5 exd5 41. Bb8 Nf6 42. Bxa7 Nd7 43. Bb5 {[%emt 0:00:09] White mates.} Nc5 44. Bxb6 Nb7 45. Bc6 Nd6 46. a5 Kg8 47. a6 Nc8 48. Bd4 {[%emt 0:00:00] Weighted Error Value: White=0.31/Black=0.65} 1-0

[Event "44th Chess Olympiad Women 2022"]
[Site "Chennai"]
[Date "2022.07.29"]
[Round "1.38"]
[White "Masoumi, Sahar"]
[Black "Saraci, Ndriqona"]
[Result "1-0"]
[ECO "B22"]
[WhiteElo "1956"]
[BlackElo "1425"]
[Annotator "TA"]
[PlyCount "45"]
[EventDate "2022.07.29"]
[EventType "team-tourn"]
[EventCountry "IND"]
[SourceTitle "playchess.com"]
[Source "ChessBase"]
[SourceQuality "1"]
[WhiteTeam "Iran"]
[BlackTeam "Kosovo"]
[WhiteTeamCountry "IRI"]
[BlackTeamCountry "KOS"]
[TimeControl "40/5400+30:1800+30"]

1. e4 c5 2. c3 Qc7 3. d4 cxd4 4. cxd4 e6 5. Nc3 Bb4 6. Bd2 {[%emt 0:01:37] And now Nb5 would win. B22: Sicilian: 2 c3.} a6 {[%emt 0:04:04] [#] Against Nb5} 7. Rc1 $146 ({Predecessor:} 7. Nf3 d6 8. Bd3 Ne7 9. O-O Qd8 10. Rc1 Bd7 11. Qe2 O-O 12. e5 Nbc6 13. Bxh7+ Kxh7 {1-0 (20) Ramirez Maillo,J (1674)-Schlittermann,W (1760) Las Palmas 2013}) 7... Qd8 8. Bd3 ({Better is} 8. Qg4 Kf8 9. a3) 8... d5 9. e5 Nc6 10. Nf3 Nge7 11. O-O Na5 12. Ng5 {[%emt 0:12:11] White is more active.} g6 {[%emt 0:05:46] [#] Inhibits Qh5.} (12... h6 $16) 13. Qf3 $1 $36 {[%emt 0:02:35][%mdl 2048] White has strong initiative.} O-O (13... Nf5 14. g4 Nh6) 14. Nxh7 {[%emt 0:07:36] White is clearly winning.} Nf5 (14... Kxh7 $142 15. Bg5 (15. a3 Ng8 $16) 15... f5 16. exf6 Kg8) 15. Nf6+ Kg7 16. Bxf5 {[%emt 0:00:14][%cal Od2h6] Bh6+! would kill now.} Rh8 {[%emt 0:03:12] Against Bh6+} 17. Bd3 Nc4 18. Bg5 Be7 19. Bxc4 dxc4 20. d5 exd5 21. Ncxd5 Be6 22. Nxe7 Qxe7 {[%emt 0:00:28] [#]} 23. Nh5+ $1 {[%emt 0:00:10] Weighted Error Value: White=0.10 (very precise) /Black=0.64} 1-0

[Event "44th Chess Olympiad Women 2022"]
[Site "Chennai"]
[Date "2022.07.29"]
[Round "1.38"]
[White "Saraci, Rinesa"]
[Black "Mahdian, Anousha"]
[Result "0-1"]
[ECO "B15"]
[WhiteElo "1494"]
[BlackElo "2161"]
[Annotator "TA"]
[PlyCount "69"]
[EventDate "2022.07.29"]
[EventType "team-tourn"]
[EventCountry "IND"]
[SourceTitle "playchess.com"]
[Source "ChessBase"]
[SourceQuality "1"]
[WhiteTeam "Kosovo"]
[BlackTeam "Iran"]
[WhiteTeamCountry "KOS"]
[BlackTeamCountry "IRI"]
[TimeControl "40/5400+30:1800+30"]

1. e4 c6 2. d4 d5 3. Nc3 g6 4. Nf3 Bg7 5. exd5 cxd5 6. Bf4 a6 {[%emt 0:05:07] Inhibits Nb5. B15: Caro-Kann: 3 Nc3: 3...g6 and 3...dxe4 4 Nxe4 Nf6 5 Nxf6+ exf6.} 7. h3 Nf6 8. Be2 O-O {[%emt 0:02:24] The position is equal.} 9. O-O Nc6 10. Re1 Ne4 11. Bf1 {[%emt 0:07:47] [#]} f5 $146 ({Predecessor:} 11... Nxc3 12. bxc3 b5 13. Ne5 Bb7 14. Nd3 Qa5 15. Qd2 Rfc8 16. Nc5 Ra7 17. a4 b4 18. cxb4 Qxb4 19. Qxb4 Nxb4 {1-0 (44) Horn,E (2061)-Johnsen,S (2067) Skelleftea 2000}) 12. Rc1 e6 13. Ne5 Qb6 14. f3 {[%emt 0:08:31] Loses the game.} (14. Nxe4 $15 fxe4 15. Be3) 14... Nxe5 $19 (14... Qxb2 15. Na4 (15. fxe4 Qxc3 16. exd5 exd5 $15) 15... Qa3 16. c4 $16) ({Not} 14... Nxd4 15. Kh2 $17) 15. fxe4 fxe4 16. Be3 Nc6 ({Inferior is} 16... Qxb2 17. Na4 Rxf1+ 18. Rxf1 $17) 17. Nxe4 $2 (17. Na4 Qa5 18. c4) 17... dxe4 18. d5 Bd4 19. Bxd4 Nxd4 20. Kh1 Nf5 {[%emt 0:00:14] [#] ...Ng3+ is the strong threat.} 21. c4 Ng3+ 22. Kh2 Qd6 23. Kg1 exd5 24. Qxd5+ Qxd5 25. cxd5 Nxf1 26. Rxf1 Rxf1+ 27. Kxf1 {[%emt 0:00:32][%mdl 4096] Endgame KRB-KR} Bd7 28. Rc7 (28. Kf2 $142) 28... Bb5+ {[%emt 0:00:05] Black is clearly winning.} 29. Kf2 Rd8 30. Ke3 Rxd5 31. Kxe4 Bc6 {[%emt 0:00:30] [#] Hoping for ...Rd7+.} 32. Ke3 Re5+ 33. Kf4 Rf5+ 34. Ke3 Bxg2 35. Kd4 {[%emt 0:00:09] Weighted Error Value: White=0.66/Black=0.14 (very precise)} 0-1